 Dungeon Crawl Stone Soup version 0.21.1-1-g345015fe64 (webtiles) character file.

267 Norian the Conjurer (level 6, -1/32 HPs)
             Began as a Deep Elf Conjurer on July 9, 2018.
             Succumbed to Necrophagist's ghost's poison
             ... on level 3 of the Dungeon.
             The game lasted 00:04:20 (1866 turns).

Norian the Conjurer (Deep Elf Conjurer)             Turns: 1866, Time: 00:04:20

Health: -1/32      AC:  2    Str:  6    XL:     6   Next: 0%
Magic:  1/17       EV: 13    Int: 21    God:
Gold:   93         SH:  0    Dex: 15    Spells: 14/17 levels left

rFire    . . .     SeeInvis .   (no weapon)
rCold    . . .     Gourm    .   (no shield)
rNeg     . . .     Faith    .   a - +0 robe
rPois    .         Spirit   .   (no helmet)
rElec    .         Reflect  .   (no cloak)
rCorr    .         Harm     .   (no gloves)
MR       .....                  (no boots)
Stlth    ++........             (no amulet)
HPRegen  0.10/turn              (no ring)
MPRegen  0.15/turn              (no ring)

@: lethally poisoned (-1 -> -26)
A: no striking features
a: no special abilities


You were on level 3 of the Dungeon.
You were not hungry.

You visited 1 branch of the dungeon, and saw 3 of its levels.

You collected 93 gold pieces.

Inventory:

Armour
 a - a +0 robe (worn)
Jewellery
 f - a cursed amulet of inaccuracy {unknown}
Scrolls
 g - a scroll of immolation {unknown}
 h - 4 scrolls of teleportation {unknown}
 k - 2 scrolls of remove curse {unknown}
 l - a scroll of noise {unknown}
 m - 2 scrolls of identify {unknown}
 n - 3 scrolls of fog {unknown}
Potions
 d - a potion of curing {unknown}
 e - a potion of might {unknown}
 i - a potion of heal wounds {unknown}
 j - 2 potions of magic {unknown}
 p - a potion of brilliance {unknown}
Books
 b - a book of Conjurations

   Spells                             Type                      Level
   a - Magic Dart                     Conjuration                  1
   b - Searing Ray                    Conjuration                  2
   c - Dazzling Spray                 Conjuration/Hexes            3
   d - Fulminant Prism                Conjuration/Hexes            4
   e - Force Lance                    Conjuration/Translocation    4
   f - Iskenderun's Mystic Blast      Conjuration                  4
Comestibles
 c - 7 rations
 o - 4 chunks of flesh


   Skills:
 - Level 2.4 Dodging
 - Level 2.4 Stealth
 + Level 6.3 Spellcasting
 + Level 6.4 Conjurations


You had 14 spell levels left.
You knew the following spells:

 Your Spells              Type           Power        Failure   Level  Hunger
a - Magic Dart            Conj           ####         1%          1    None
b - Searing Ray           Conj           ####..       1%          2    None


Dungeon Overview and Level Annotations

Branches:
Dungeon (3/15)

Altars:


Message History

Confirm with . or Enter, or press ? or * to list all spells.
Aiming: Magic Dart
Press: ? - help, Shift-Dir - straight line, f/p - Necrophagist's ghost
Aim: Necrophagist's ghost, wielding a weapon of venom (almost destroyed)
Okay, then.
Casting: Magic Dart
Confirm with . or Enter, or press ? or * to list all spells.
Aiming: Magic Dart
Press: ? - help, Shift-Dir - straight line, f/p - Necrophagist's ghost
Aim: Necrophagist's ghost, wielding a weapon of venom (almost destroyed)
The magic dart hits Necrophagist's ghost.
You destroy Necrophagist's ghost!
Your Spellcasting skill increases to level 6!
Your Conjurations skill increases to level 6!
You have reached level 5!
You have reached level 6!
Your experience leads to an increase in your attributes!
Increase (S)trength, (I)ntelligence, or (D)exterity?
You feel clever.
You die...

#.......###.### #
#..[......÷.# #.
#...).†))###### #.##
###.###†.......
#...#######.##<.######.
..#.#............## #.
........######.### ##
..#.###†######.# #
#.@...##.##
#####%##..### ##...#
###.#### #....####
####....# ####.# #.#
#.#


There were no monsters in sight!

Vanquished Creatures
  The ghost of Necrophagist the Magician, an amateur DEIE (D:3)
  An orc wizard (D:3)
  3 adders (D:2)
  An ooze (D:1)
  A worm (D:2)
  A dart slug (D:2)
  2 leopard geckos
  3 orcs (D:3)
  2 bats (D:2)
  3 giant cockroaches
  7 goblins
  7 hobgoblins
  3 jackals (D:2)
  2 quokkas (D:3)
  A frilled lizard (D:2)
  4 kobolds
  8 rats
50 creatures vanquished.

Vanquished Creatures (others)
  4 toadstools (D:1)
4 creatures vanquished.

Grand Total: 54 creatures vanquished

Notes
Turn   | Place    | Note
-------+----------+-------------------------------------------
     0 | D:1      | Norian the Deep Elf Conjurer began the quest for the Orb.
     0 | D:1      | Reached XP level 1. HP: 10/10 MP: 6/6
    84 | D:1      | Reached XP level 2. HP: 15/15 MP: 1/8
   281 | D:1      | Learned a level 2 spell: Searing Ray
   755 | D:2      | Reached skill level 5 in Conjurations
   755 | D:2      | Reached XP level 3. HP: 19/19 MP: 4/10
  1224 | D:2      | Reached XP level 4. HP: 24/24 MP: 4/12
  1344 | D:2      | Found a faded altar of an unknown god.
  1793 | D:3      | Reached skill level 5 in Spellcasting
  1856 | D:3      | Noticed Necrophagist's ghost (amateur DEIE)
  1865 | D:3      | HP: 1/24 [Necrophagist's ghost/Freeze (3)]
  1866 | D:3      | Killed Necrophagist's ghost
  1866 | D:3      | Reached XP level 5. HP: 1/28 MP: 1/15
  1866 | D:3      | Reached XP level 6. HP: 1/32 MP: 1/17
  1866 | D:3      | Succumbed to Necrophagist's ghost's poison

Skill      XL: |  1  2  3  4 |
---------------+-------------+-----
Spellcasting   | 4 6 |  6.3
Conjurations   | 5 6 |  6.4
Dodging        | |  2.4
Stealth        | |  2.4

Action                   |  1- 3 |  4- 6 || total
-------------------------+-------+-------++-------
Melee: Unarmed           |     8 |       ||     8
 Cast: Magic Dart        |    54 |    33 ||    87
       Searing Ray       |     1 |     4 ||     5
  Eat: Chunk             |     1 |     2 ||     3
Armor: Robe              |     5 |       ||     5
Dodge: Dodged            |     7 |     3 ||    10
